 Dungeon Crawl Stone Soup version 0.20.1-1-g8b1a95d (webtiles) character file.

98 slep the Covered (level 4, -2/48 HPs)
             Began as a Demonspawn Wanderer on Oct 22, 2017.
             Slain by a scorpion (3 damage)
             ... on level 3 of the Dungeon.
             The game lasted 00:13:55 (2137 turns).

slep the Covered (Demonspawn Wanderer)              Turns: 2137, Time: 00:13:55

Health: -2/48      AC: 22    Str: 11    XL:     4   Next: 44%
Magic:  0/4        EV:  2    Int: 14    God:
Gold:   145        SH:  0    Dex: 14    Spells: 3/3 levels left

rFire    . . .     SeeInvis .   p - +0 spear
rCold    . . .     Gourm    .   (no shield)
rNeg     + + +     Faith    .   (armour currently unavailable)
rPois    +         Spirit   +   (helmet currently unavailable)
rElec    .         Reflect  .   (cloak currently unavailable)
rCorr    .         Harm     .   (gloves currently unavailable)
MR       .....     NoTele   +   (boots currently unavailable)
Stlth    +.........             (no amulet)
Regen    0.2/turn               (no ring)
MPRegen  0.1/turn               (no ring)

@: lethally poisoned (-2 -> -17), tree-form
A: foul stench 1, magic shield, rot immunity
a: no special abilities


You were on level 3 of the Dungeon.
You were hungry.
You were a tree.
You visited 1 branch of the dungeon, and saw 3 of its levels.

You collected 145 gold pieces.

Inventory:

Hand Weapons
 d - a +0 dagger
 p - a +0 spear (weapon)
Armour
 a - a +2 scale mail (melded)
Scrolls
 b - a scroll of teleportation
 e - a scroll of fear {unknown}
 g - 3 scrolls of identify {unknown}
 i - a scroll of recharging {unknown}
 k - 2 scrolls of remove curse {unknown}
 m - a scroll of noise {unknown}
Comestibles
 f - 3 bread rations
 h - 15 chunks of flesh
 o - 2 meat rations


   Skills:
 + Level 1.1 Fighting
 + Level 1.7 Short Blades
   Level 2.6(2.7) Axes
 + Level 0.1(1.5) Polearms
 + Level 1.0 Throwing
 + Level 5.3 Armour
 + Level 0.8 Dodging
 + Level 0.2 Stealth
   Level 1.0 Evocations


You had 3 spell levels left.
You didn't know any spells.

Dungeon Overview and Level Annotations

Branches:
Dungeon (3/15)

Altars:


Innate Abilities, Weirdness & Mutations

You may emit foul miasma when damaged in melee.
When hurt, damage is shared between your health and your magic reserves.
You are immune to rotting.


Message History

Your +2 scale mail melds into your body.
Your roots penetrate the ground.
* * * LOW HITPOINT WARNING * * *
You feel sick.
The scorpion stings you but does no damage.
You closely miss the scorpion.
The scorpion is lightly wounded.
* * * LOW HITPOINT WARNING * * *
You feel sick.
The scorpion stings you but does no damage.
You closely miss the scorpion.
The scorpion is lightly wounded.
* * * LOW HITPOINT WARNING * * *
You feel sick. The scorpion stings you.
* * * LOW HITPOINT WARNING * * *
You hit the scorpion but do no damage.
The scorpion is lightly wounded.
* * * LOW HITPOINT WARNING * * *
You feel sick. The scorpion stings you.
You die...

#............#..........#
##...######..##########.#
#...# #..#..# ####.#
#...# .....# #....# #...#
##.##.# #####.#### #...#
#.....# #.....# #...#
#.....# #.######## #...#
#....s# #)#......# #####
#...)♣# #.#.####.#
#.....###....(...#
##'##....###...###
#..#..........#######
##.##.......(........
#..........#.#####.#
###....#.#.#.#.....#
######......#...#.#.###
#.....#######.#.....###


You could see a scorpion.

Vanquished Creatures
  A hound skeleton (D:3)
  An adder (D:2)
  2 oozes (D:3)
  2 worms
  2 dart slugs (D:1)
  2 leopard geckos (D:3)
  2 ball pythons
  2 giant cockroaches
  8 goblins
  2 hobgoblins
  9 jackals
  A quokka (D:2)
  8 bats
  2 frilled lizards
  3 kobolds
  7 rats
54 creatures vanquished.

Notes
Turn   | Place    | Note
-------+----------+-------------------------------------------
     0 | D:1      | slep the Demonspawn Wanderer began the quest for the Orb.
     0 | D:1      | slep set off with: a +2 scale mail, a scroll of teleportation, a potion of lignification, a +0 dagger, a bread ration
     0 | D:1      | Reached XP level 1. HP: 13/13 MP: 1/1
   461 | D:1      | Gained mutation: You are immune to rotting. [demonic ancestry]
   461 | D:1      | Reached XP level 2. HP: 18/19 MP: 2/2
   546 | D:1      | Reached skill level 5 in Armour
  1143 | D:2      | Gained mutation: When hurt, damage is shared between your health and your magic reserves. [demonic ancestry]
  1143 | D:2      | Reached XP level 3. HP: 7/25 MP: 3/3
  1295 | D:2      | Reached skill level 1 in Short Blades
  1945 | D:3      | Reached skill level 1 in Fighting
  1945 | D:3      | Gained mutation: You may emit foul miasma when damaged in melee. [demonic ancestry]
  1945 | D:3      | Reached XP level 4. HP: 13/32 MP: 1/4
  2136 | D:3      | HP: 2/48 [scorpion (2)]
  2137 | D:3      | Slain by a scorpion

Skill      XL: |  1  2  3 |
---------------+----------+-----
Armour         | 5 |  5.3
Short Blades   | 1 |  1.7
Fighting       | 1 |  1.1
Axes           | |  2.6
Polearms       | |  0.1
Throwing       | |  1.0
Dodging        | |  0.8
Stealth        | |  0.2
Evocations     | |  1.0

Action                   |  1- 3 |  4- 6 || total
-------------------------+-------+-------++-------
Melee: Dagger            |   336 |       ||   336
       Spear             |    10 |    64 ||    74
  Use: Potion            |       |     5 ||     5
  Eat: Chunk             |     4 |       ||     4
Armor: Scale mail        |   226 |    20 ||   246
       Skin              |       |     2 ||     2
Dodge: Dodged            |   173 |    21 ||   194
